 Dungeon Crawl Stone Soup version 0.31-a0-187-gba352fbbf7 (webtiles) character file.

Game seed: 4562760595946283322

26 qw the Shooter (level 2, 0/16 HPs)
             Began as a Deep Elf Hunter on June 22, 2023.
             Succumbed to an adder's poison
             ... on level 2 of the Dungeon.
             The game lasted 00:00:15 (949 turns).

qw the Shooter (Deep Elf Hunter)                     Turns: 949, Time: 00:00:16

Health: 0/16       AC:  5    Str:  8    XL:     2   Next: 89%
Magic:  4/4        EV: 10    Int: 13    God:
Gold:   116        SH:  0    Dex: 18    Spells: 1/1 levels left

rFire   . . .        Y - +0 shortbow
rCold   . . .        (shield currently unavailable)
rNeg    . . .        d - +0 ring mail
rPois   .            (no helmet)
rElec   .            (no cloak)
rCorr   .            (no gloves)
SInv    .            (no boots)
Will    .....        (no amulet)
Stlth   +            (no ring)
HPRegen 0.22/turn    (no ring)
MPRegen 0.09/turn

%: no passive effects
@: lethally poisoned (0 -> -11)
A: no striking features
a: no special abilities


You were on level 2 of the Dungeon.
You visited 1 branch of the dungeon, and saw 2 of its levels.

You collected 116 gold pieces.


   Skills:
 - Level 1.5 Fighting
 + Level 6.6 Ranged Weapons
 - Level 2.4 Dodging
 - Level 1.2 Stealth


You had one spell level left.
You didn't know any spells.
Your spell library was empty.

Inventory:

Hand Weapons
 Y - a +0 shortbow (weapon)
Armour
 d - a +0 ring mail (worn)
Scrolls
 a - a scroll of identify {unknown}
 b - a scroll of teleportation {unknown}
Potions
 e - a potion of heal wounds {unknown}
 f - a potion of resistance {unknown}
 g - a potion of enlightenment {unknown}
 h - a potion of lignification {unknown}

Dungeon Overview and Level Annotations

Branches:
Dungeon (2/15)

Altars:


Message History

You see here an adder corpse.
You now have 80 gold pieces (gained 17).
Found a scroll of butterflies.
Enter note:
b - a scroll labelled HOPNOFIADI You now have 96 gold pieces (gained 16).
You now have 107 gold pieces (gained 11).
You now have 116 gold pieces (gained 9).
You open the door.
There is an open door here.
Found a stone staircase leading down.
Enter note:
Enter note: An adder comes into view.
The adder hisses angrily.
Enter note:
Enter note: You shoot an arrow.
The arrow completely misses the adder.
You shoot an arrow. The arrow barely misses the adder.
You shoot an arrow. The arrow closely misses the adder.
You shoot an arrow.
The arrow hits the adder but does no damage.
The adder barely misses you. The adder bites you but does no damage.
You shoot an arrow. The arrow hits the adder.
The adder is heavily wounded.
The adder bites you.
You are poisoned.
The adder poisons you! The adder bites you.
You are more poisoned.
The adder poisons you!
You shoot an arrow. The arrow barely misses the adder.
You feel very sick. The adder closely misses you.
You shoot an arrow. The arrow barely misses the adder.
You feel sick. The adder bites you. x2
You are more poisoned.
The adder poisons you!
You shoot an arrow. The arrow hits the adder.
The adder is almost dead.
You die...

#........##......######.#
#.....#####.##.#...####.#
#.....# #. #.##.......#
#.....# #. #.....######
#.....# #.#####.##
#.....# #.......#
#############...###
......#...## ..?....@...#
......$S...# .........>.#
...........# ...........#
...........# ......######
......


You could see an adder.

Vanquished Creatures
  An adder (D:2)
  2 ball pythons (D:1)
  2 bats (D:1)
  An endoplasm (D:1)
  A giant cockroach (D:1)
  3 hobgoblins
  2 kobolds
  A frilled lizard (D:1)
  2 goblins
  A rat (D:1)
16 creatures vanquished.

Notes
Turn   | Place    | Note
-------+----------+-------------------------------------------
     0 | D:1      | qw the Deep Elf Hunter began the quest for the Orb.
     0 | D:1      | Reached XP level 1. HP: 12/12 MP: 3/3
     0 | D:1      | 0 ||| qw: Version: 0.3-a-9-g12657ce
     0 | D:1      | 0 ||| qw: Game counter: 2691
     0 | D:1      | 0 ||| qw: Always use a shield: true
     0 | D:1      | 0 ||| qw: God list: Okawaru
     0 | D:1      | 0 ||| qw: Allow faded altars: false
     0 | D:1      | 0 ||| qw: Do Orc after D:15 true
     0 | D:1      | 0 ||| qw: Do second Lair branch before Depths: true
     0 | D:1      | 0 ||| qw: Lair rune preference: random
     0 | D:1      | 0 ||| qw: Plans: Normal
     0 | D:1      | 0 ||| PLANNING D:1-11
   182 | D:1      | Reached XP level 2. HP: 16/16 MP: 4/4
   208 | D:1      | Reached skill level 6 in Ranged Weapons
   728 | D:1      | 728 ||| UPGRADING to +0 ring mail.
   738 | D:1      | 738 ||| DROPPING +0 leather armour.
   739 | D:1      | 739 ||| READING scroll labelled HARUMIA CIES.
   740 | D:1      | 740 ||| DROPPING scroll of butterflies.
   948 | D:2      | HP: 3/16 [adder (2)]
   949 | D:2      | Succumbed to an adder's poison

Levels and vault maps discovered:
D:1:      heliophobic_arrival_ceremonial_halls, layout_basic
D:2:      layout_basic

Skill      XL: |  1  2 |
---------------+-------+-----
Ranged Weapons | 6 |  6.6
Fighting       | |  1.5
Dodging        | |  2.4
Stealth        | |  1.2

Action                     || total
---------------------------++-------
   Fire: Shortbow          ||    59
    Use: Scroll            ||     1
 Armour: Leather armour    ||     5
         Ring mail         ||     3
  Dodge: Dodged            ||    16

Table legend:
 A = Non-vault XP
 B = Vault XP
 C = Vault XP percentage of total XP
 D = Non-vault monster count
 E = Vault monster count
 F = Vault count percentage of total count
                 A         B        C        D         E       F
            +---------+---------+-------+---------+---------+-------
      Total |      38 |       0 |   0.0 |      16 |       0 |   0.0
            +---------+---------+-------+---------+---------+-------
        D:1 |      20 |       0 |   0.0 |      12 |       0 |   0.0
        D:2 |      18 |       0 |   0.0 |       4 |       0 |   0.0
            +---------+---------+-------+---------+---------+-------
